 Dungeon Crawl Stone Soup version 0.31.0-4-g52a2dc7128 (webtiles) character file.

Game seed: 4836585865824236961

118 gelatine the Trooper (level 4, -3/35 HPs)
             Began as a Demonspawn Fighter on Jan 21, 2024.
             Slain by a kobold brigand
             ... wielding a +0 short sword
              (5 damage)
             ... in a sewer.
             The game lasted 00:04:52 (1886 turns).

gelatine the Trooper (Demonspawn Fighter)           Turns: 1886, Time: 00:04:52

Health: -3/35      AC:  6    Str: 18    XL:     4   Next: 72%
Magic:  4/4        EV:  9    Int:  6    God:
Gold:   142        SH:  8    Dex: 13    Spells: 3/3 levels left

rFire   + . .        k - +0 hand axe
rCold   . . .        l - +0 kite shield
rNeg    . . .        g - +1 leather armour {rF+}
rPois   .            (no helmet)
rElec   .            (no cloak)
rCorr   .            (no gloves)
SInv    .            (no boots)
Will    +....        (no amulet)
Stlth   +            r - ring of willpower
HPRegen 0.25/turn    (no ring)
MPRegen 0.09/turn

%: no passive effects
@: no status effects
A: slimy green scales 1, ignite blood 1, dopey 1
a: no special abilities


You were in a sewer.
You visited 1 branch of the dungeon, and saw 3 of its levels.
You also visited: Sewer.

You collected 142 gold pieces.

Inventory:

Hand Weapons
 a - a +0 war axe
 k - a +0 hand axe (weapon)
Missiles
 e - 13 stones (quivered)
Armour
 b - a +0 scale mail
 c - a +0 buckler
 g - a +1 leather armour of fire resistance (worn)
 l - a +0 kite shield (worn)
Jewellery
 r - a ring of willpower (left hand)
Wands
 f - a wand of mindburst (20)
Scrolls
 h - a scroll of fear {unknown}
 i - a scroll of vulnerability {unknown}
 m - a scroll of blinking {unknown}
 n - 2 scrolls of amnesia {unknown}
 o - 2 scrolls of silence {unknown}
Potions
 d - 2 potions of might
 j - a potion of lignification
 s - a potion of curing


   Skills:
 + Level 3.4 Fighting
 * Level 3.2 Axes
 + Level 3.1 Armour
 * Level 0.7 Dodging
 + Level 0.2 Stealth
 + Level 3.1 Shields


You had 3 spell levels left.
You didn't know any spells.
Your spell library contained the following spells:

 Spells                   Type           Power      Damage    Failure   Level
 Summon Small Mammal      Summ           0%         N/A       85%         1
 Call Canine Familiar     Summ           0%         N/A       99%         3
 Summon Blazeheart Golem  Fire/Summ      0%         N/A       100%        4


Dungeon Overview and Level Annotations

Branches:
Dungeon (3/15)              Sewer (1/1)

Altars:


Innate Abilities, Weirdness & Mutations

You are partially covered in slimy green scales. (AC +2)
Your demonic aura sometimes causes spilled blood to erupt in flames.
You are dopey. (Int -2)


Message History

The kobold brigand is heavily wounded.
The kobold brigand splashes around in the water.
The kobold brigand barely misses you.
You closely miss the kobold brigand.
The kobold brigand is heavily wounded.
You block the kobold brigand's attack.
You hit the kobold brigand but do no damage.
The kobold brigand is heavily wounded.
The kobold brigand hits you with a +0 short sword.
You closely miss the kobold brigand.
The kobold brigand is heavily wounded.
The kobold brigand barely misses you.
The kobold brigand hits you with a +0 short sword.
* * * LOW HITPOINT WARNING * * *
You closely miss the kobold brigand.
The kobold brigand is heavily wounded.
The kobold brigand hits you with a +0 short sword.
* * * LOW HITPOINT WARNING * * *
You hit the kobold brigand.
The kobold brigand is severely wounded.
The kobold brigand splashes around in the water.
You barely miss the kobold brigand.
The kobold brigand is severely wounded.
The kobold brigand hits you with a +0 short sword.
* * * LOW HITPOINT WARNING * * *
The kobold brigand hits you but does no damage.
You hit the kobold brigand.
The kobold brigand is severely wounded.
The kobold brigand barely misses you.
You hit the kobold brigand.
The kobold brigand is almost dead.
You block the kobold brigand's attack.
You closely miss the kobold brigand.
The kobold brigand is almost dead.
The kobold brigand splashes around in the water.
You closely miss the kobold brigand.
The kobold brigand is almost dead.
You block the kobold brigand's attack.
The kobold brigand hits you with a +0 short sword.
You die...

### ############ #∩# #
#..~.~...~.###.### ..
#.~~~~~~~........####
...#~~≈≈≈~~~~~~~~~~~~~≈≈
...~~≈≈≈≈≈≈≈≈≈≈≈≈≈≈≈≈≈≈
#~~≈≈≈~~~~~~~≈~~~~≈≈≈
#..)K~~..~~~.....####
#.~)@~~..~.#######
#########~## #~# #~# #~#
#~# #~# #~# #~#


You could see a kobold brigand.

Vanquished Creatures
  Jessica (D:2)
  3 adders
  A river rat (Sewer)
  A dart slug (D:1)
  2 bats (D:1)
  An endoplasm (D:1)
  4 giant cockroaches
  9 goblins
  5 hobgoblins
  3 jackals (D:2)
  9 kobolds
  A quokka (D:2)
  3 ball pythons
  5 frilled lizards
  8 rats
56 creatures vanquished.

Notes
Turn   | Place    | Note
-------+----------+-------------------------------------------
     0 | D:1      | gelatine the Demonspawn Fighter began the quest for the
                  | Orb.
     0 | D:1      | Reached XP level 1. HP: 18/18 MP: 1/1
   181 | D:1      | Gained mutation: Your demonic aura sometimes causes spilled
                  | blood to erupt in flames. [demonic ancestry]
   181 | D:1      | Reached XP level 2. HP: 15/18 MP: 2/2
   775 | D:2      | Gained mutation: You are partially covered in slimy green
                  | scales. (AC +2) [demonic ancestry]
   775 | D:2      | Reached XP level 3. HP: 25/25 MP: 3/3
   978 | D:2      | Noticed Jessica
   997 | D:2      | Killed Jessica
   998 | D:2      | Reached XP level 4. HP: 18/35 MP: 4/4
  1658 | D:3      | Found a glowing drain.
  1687 | Sewer    | Entered a sewer
  1716 | Sewer    | Gained mutation: You are dopey. (Int -2) [potion of
                  | mutation]
  1858 | Sewer    | Noticed a kobold brigand
  1882 | Sewer    | HP: 1/35 [kobold brigand/+0 short sword (3)]
  1886 | Sewer    | Slain by a kobold brigand

Illustrated notes

Levels and vault maps discovered:
D:1:      dpeg_arrival_renting, layout_basic, minmay_pentomino_z2
D:2:      layout_basic, uniq_jessica
D:3:      layout_basic, nicolae_overflow_two_pavilions,
          chequers_ecumenical_altar_twisty, gup_sewer_entry_glass,
          chequers_serial_rivers_marsh
Sewer:    sewer_kobolds

Skill      XL: |  1  2  3  4 |
---------------+-------------+-----
Shields        | 3 |  3.1
Armour         | 3 |  3.1
Axes           | 2 3 |  3.2
Fighting       | |  3.4
Dodging        | |  0.7
Stealth        | |  0.2

Action                     |  1- 3 |  4- 6 || total
---------------------------+-------+-------++-------
  Melee: War axe           |    36 |       ||    36
         Hand axe          |    62 |   100 ||   162
  Throw: Stone             |       |     6 ||     6
    Use: Potion            |       |     4 ||     4
         Scroll            |       |     3 ||     3
 Armour: Scale mail        |    22 |       ||    22
         Leather armour    |    36 |    56 ||    92
  Dodge: Dodged            |    43 |    41 ||    84
  Block: Buckler           |    13 |       ||    13
         Kite shield       |    30 |    52 ||    82
